 Dungeon Crawl Stone Soup version 0.30-b1-2-g02819fbbbe (webtiles) character file.

Game seed: 11474914558383005828

151222 redmage the Eclecticist (level 18, -8/180 HPs)
             Began as a Meteoran Earth Elementalist on Sept 1, 2023.
             Was a High Priest of Sif Muna.
             Mangled by an ironbound preserver
             ... wielding a +0 morningstar
              (14 damage)
             ... on level 3 of the Vaults.
             The game lasted 03:05:52 (7583 turns).

redmage the Eclecticist (MeEE)                      Turns: 7583, Time: 03:05:52

Health: -8/180     AC: 31    Str: 12    XL:     18   Next: 48%
Magic:  15/50      EV: 16    Int: 24    God:    Sif Muna [*****.]
Gold:   1977       SH:  0    Dex: 23    Spells: 3/54 levels left

rFire   . . .        w - +8 storm bow {elec, penet}
rCold   . . .        (shield currently unavailable)
rNeg    + . .        v - melded +0 troll leather armour
rPois   ∞            H - +0 helmet
rElec   +            r - +2 cloak of Oblivion {Will- Int+4 Dex+6}
rCorr   .            (gloves currently unavailable)
SInv    .            Q - melded +0 pair of boots
Will    +....        O - amulet of Light {rElec rPois Regen+ Int-2 Stlth+}
Stlth   ++           h - ring of magical power
HPRegen 1.30/turn    G - ring of wizardry
MPRegen 0.32/turn

%: wizardry (x1)
@: statue-form, glowing, very slow
A: slow and powerful, torment resistance 1, boosted hp, sense surroundings 3,
otherworldly, glowing, explore regen
}: 1/15 runes: decaying
a: End Transformation, Renounce Religion, Channel Magic, Forget Spell, Divine
Exegesis


You were on level 3 of the Vaults.
You worshipped Sif Muna.
Sif Muna was extremely pleased with you.
You were a living statue of rough stone.
You visited 7 branches of the dungeon, and saw 32 of its levels.
You also visited: Ossuary.

You collected 2791 gold pieces.
You spent 814 gold pieces at shops.

Inventory:

Hand Weapons
 a - a +5 scimitar of holy wrath
 p - the +7 battleaxe "Doubu Rys" {freeze, rN+ rCorr Int+4}
   (You found it on level 4 of the Lair of Beasts)

   Int:       It affects your intelligence (+4).
   rN:        It protects you from negative energy.
   rCorr:     It protects you from acid and corrosion.
 w - the +8 storm bow (weapon) {elec, penet}
   (You found it on level 1 of the Swamp)
 P - the +6 spear of Defilement {freeze, rF+ rCorr Dex-4}
   (You took it off a spriggan rider on level 5 of the Lair of Beasts)

   Dex:       It affects your dexterity (-4).
   rF:        It protects you from fire.
   rCorr:     It protects you from acid and corrosion.
Missiles
 L - a throwing net
Armour
 i - an orb of energy
 r - the +2 cloak of Oblivion (worn) {Will- Int+4 Dex+6}
   (You bought it in a shop on level 6 of the Dungeon)

   Int:       It affects your intelligence (+4).
   Dex:       It affects your dexterity (+6).
   Will:      It decreases your willpower.
 v - a +0 troll leather armour (melded)
 y - a +2 buckler of fire resistance
 H - a +0 helmet (worn)
 Q - a +0 pair of boots (melded)
 T - +0 acid dragon scales
Magical Staves
 l - a staff of conjuration
 m - a staff of earth
Jewellery
 h - a ring of magical power (left fist)
 j - a ring of wizardry
 k - an amulet of the acrobat
 G - a ring of wizardry (right fist)
 O - the amulet of Light (around neck) {rElec rPois Regen+ Int-2 Stlth+}
   (You found it on level 3 of the Lair of Beasts)

   [amulet of regeneration]

   Int:       It affects your intelligence (-2).
   rElec:     It insulates you from electricity.
   rPois:     It protects you from poison.
   Regen:     It increases your rate of health regeneration.
   Stlth:     It makes you more stealthy.
 V - a ring of protection from cold
Wands
 o - a wand of paralysis (11)
 I - a wand of digging (14)
Scrolls
 c - 7 scrolls of fog
 n - 9 scrolls of teleportation
 q - 4 scrolls of poison
 x - 3 scrolls of identify
 A - 2 scrolls of enchant armour
 B - 2 scrolls of enchant weapon
 C - 4 scrolls of immolation
 D - a scroll of magic mapping
 J - 2 scrolls of torment
 N - 2 scrolls of brand weapon
 U - 2 scrolls of blinking
 X - a scroll of silence
Potions
 b - 4 potions of magic
 d - a potion of cancellation
 e - 4 potions of flight
 f - 3 potions of lignification
 g - 5 potions of heal wounds
 s - 5 potions of mutation
 t - 10 potions of curing
 u - 4 potions of might
 z - 2 potions of ambrosia
 E - 3 potions of haste
 F - 3 potions of brilliance
 W - 4 potions of resistance
Miscellaneous
 S - a phial of floods


   Skills:
 - Level 7.1 Fighting
 - Level 9.2 Ranged Weapons
 - Level 6.0 Dodging
 - Level 1.4 Stealth
 - Level 7.0 Shields
 + Level 18.9 Spellcasting
 - Level 14.0 Conjurations
 - Level 12.0 Summonings
 - Level 9.0 Necromancy
 - Level 6.1 Translocations
 - Level 8.2 Transmutations
 + Level 10.0 Air Magic
 - Level 9.0 Earth Magic
 - Level 10.3 Invocations


You had 3 spell levels left.
You knew the following spells:

 Your Spells              Type           Power      Damage    Failure   Level
a - Freezing Cloud        Conj/Ice/Air   28%        6-21      1%          5
b - Passwall              Tmut/Erth      49%        N/A       1%          2
c - Stone Arrow           Conj/Erth      100%       3d13      1%          3
d - Summon Cactus Giant   Summ           34%        N/A       1%          6
e - Summon Lightning Spi  Summ/Air       66%        N/A       1%          4
f - Orb of Destruction    Conj           37%        9d11      2%          7
g - Death Channel         Necr           30%        N/A       3%          6
h - Spellforged Servitor  Conj/Summ      35%        N/A       3%          7
q - Apportation           Tloc           100%       N/A       1%          1
w - Statue Form           Tmut/Erth      39%        N/A       4%          6
z - Passage of Golubria   Tloc           51%        N/A       1%          4

Your spell library contained the following spells:

 Spells                   Type           Power      Damage    Failure   Level
 Magic Dart               Conj           100%       1d8       0%          1
 Shock                    Conj/Air       100%       1d9       0%          1
 Summon Small Mammal      Summ           100%       N/A       0%          1
 Call Imp                 Summ           100%       N/A       0%          2
 Static Discharge         Conj/Air       100%       2-7/arc   0%          2
 Beastly Appendage        Tmut           100%       N/A       1%          1
 Foxfire                  Conj/Fire      100%       2x1d9     1%          1
 Sandblast                Erth           100%       2d20      1%          1
 Cigotuvi's Dreadful Rot  Necr/Pois/Air  100%       N/A       1%          2
 Lesser Beckoning         Tloc           100%       N/A       1%          2
 Momentum Strike          Conj/Tloc      100%       3d10      1%          2
 Poisonous Vapours        Pois/Air       92%        N/A       1%          2
 Call Canine Familiar     Summ           69%        N/A       1%          3
 Dazzling Flash           Conj/Hex       100%       N/A       1%          3
 Gell's Gravitas          Tloc           51%        N/A       1%          3
 Ignite Poison            Fire/Tmut/Pois 35%        N/A       1%          3
 Mephitic Cloud           Conj/Pois/Air  57%        N/A       1%          3
 Portal Projectile        Hex/Tloc       74%        N/A       1%          3
 Summon Guardian Golem    Hex/Summ       51%        N/A       1%          3
 Swiftness                Air            63%        N/A       1%          3
 Teleport Other           Tloc           51%        N/A       1%          3
 Inner Flame              Hex/Fire       22%        N/A       2%          3
 Tukima's Dance           Hex            22%        N/A       2%          3
 Airstrike                Air            31%        2d(5-21)  1%          4
 Dispel Undead            Necr           60%        3d21      1%          4
 Flame Wave               Conj/Fire      54%        2d13      1%          4
 Ice Form                 Ice/Tmut       42%        N/A       1%          4
 Manifold Assault         Tloc           51%        N/A       1%          4
 Petrify                  Tmut/Erth      59%        N/A       1%          4
 Sticky Flame             Conj/Fire      54%        2d7       1%          4
 Fireball                 Conj/Fire      27%        3d12      1%          5
 Irradiate                Conj/Tmut      33%        3d22      1%          5
 Summon Forest            Summ/Tloc      30%        N/A       1%          5
 Summon Mana Viper        Hex/Summ       51%        N/A       1%          5
 Silence                  Hex/Air        23%        N/A       3%          5
 Yara's Violent Unravell  Hex/Tmut       21%        3d10      4%          5
 Starburst                Conj/Fire      27%        6d9       8%          6
 Cause Fear               Hex            11%        N/A       9%          4
 Haunt                    Necr/Summ      32%        N/A       10%         7
 Dispersal                Tloc           25%        N/A       11%         6
 Plasma Beam              Fire/Air       23%        2x1d38    16%         6
 Lehudib's Crystal Spear  Conj/Erth      33%        10d9      43%         8
 Necromutation            Tmut/Necr      29%        N/A       82%         8
 Disjunction              Tloc           25%        N/A       98%         8
 Ozocubu's Refrigeration  Ice            11%        4d9       99%         7
 Chain Lightning          Conj/Air       34%        3d46      99%         9
 Discord                  Hex            11%        N/A       100%        8
 Ignition                 Fire           11%        3d5       100%        8
 Fire Storm               Conj/Fire      27%        8d7       100%        9


Dungeon Overview and Level Annotations

Branches:
Dungeon (14/15) Zot: 5160  Temple (1/1) D:4 Zot: 583    Lair (5/5) D:10 Zot: 618
  Swamp (4/4) Lair:2 Zot: 929  Spider (2/4) Lair:3 Zot: 1101   Slime (0/5) Lair:5
    Orc (2/2) D:11 Zot: 812     Elf (0/3) Orc:2        Vaults (4/5) D:14 Zot: 1769
Ossuary (visited)
  Crypt: Vaults:2-3

Altars:
Cheibriados
Dithmenos
Elyvilon
Fedhas
Gozag
Kikubaaqudgha
Nemelex Xobeh
Qazlal
Ru
Sif Muna
Trog
Vehumet
Zin

Shops:
D:6 [   D:12 ?   Orc:2 [*[(

Portals:
Trove: D:12 (give 2 scrolls of acquirement)

Annotations:
D:10 1 transporter
D:13 2 transporters
Swamp:3 1 transporter, Vudadgh's ghost, adept HuWr


Innate Abilities, Weirdness & Mutations

You are a living statue of rough stone.
Your actions are slow, but your melee attacks are powerful.
You are resistant to unholy torment.
Your maximum health is greatly increased.
You are immune to poison.
Your equipment is partially melded.
You passively map a large area around you.
You are easily found by Zot.
You glow in the dark.
You regain HP and MP as you explore.


Message History

The deep troll claws you but does no damage.
The deep troll closely misses you.
The great orb of eyes is struck by your cactus giant's spines.
The great orb of eyes bites your cactus giant.
The deep troll bites you!
* * * LOW HITPOINT WARNING * * *
The deep troll claws you but does no damage.
The deep troll completely misses you. The ironbound preserver misses you.
Your spellforged servitor launches a ball of destructive magic.
Unknown command.
You feel much better.
The orb of destruction hits the great orb of eyes!!!
The great orb of eyes is blown up!
Sif Muna accepts your kill. The deep troll barely misses you.
The deep troll misses you.
The deep troll claws you but does no damage.
The deep troll bites you but does no damage.
The deep troll claws you but does no damage.
The deep troll barely misses you.
The ironbound preserver hits you but does no damage.
Your cactus giant hits the ironbound preserver with a +0 giant spiked club!
Your Air Magic skill increases to level 10!
Unknown command.
Casting: Stone Arrow (safe; 1% risk of failure)
Confirm with . or Enter, or press ? or * to list all spells.
Aiming: Stone Arrow (safe; 1% risk of failure)
Press: ? - help, Shift-Dir - straight line, f - deep troll
Aim: a deep troll (sheltered from injuries, 78% to hit)
The stone arrow hits the deep troll!
The deep troll is lightly wounded.
Your orb of destruction hits a stone wall.
The deep troll closely misses you. The deep troll claws you.
* * * LOW HITPOINT WARNING * * *
The deep troll closely misses you. The deep troll bites you!
* * * LOW HITPOINT WARNING * * *
The deep troll claws you but does no damage.
The deep troll claws you.
* * * LOW HITPOINT WARNING * * *
The ironbound preserver hits you with a +0 morningstar!
You die...

* ,,** ,, *
* * * ,** ,
,, * *
#+++##### ,
* ,
#....○..# ,
, *
#...°...+ ,
, , *
#..°TpC.# ,,
* #..9T8..#
, , * , ,
#.......#,,,
* , ,
#.......#,
,, ,
#########, ,
,, * * ,, **
* , , , ,
,,,, , ,,,,
, * *** , *
, * , , , ,
,


You could see an ironbound preserver, 2 deep trolls, a friendly spellforged
servitor (summoned) and a friendly cactus giant (summoned).

Vanquished Creatures
  Rupert (Orc:2)
  Frances (Swamp:1)
  A thorn hunter (Swamp:4)
  2 vault wardens
  A very ugly thing (Vaults:1)
  2 ironbound preservers (Vaults:3)
  A war gargoyle (Vaults:1)
  An ironbound thunderhulk (Vaults:3)
  An eleionoma (Swamp:2)
  A bunyip (Swamp:3)
  A fire dragon (Lair:5)
  An entropy weaver (Vaults:1)
  A deep elf high priest (Vaults:1)
  A ghost crab (Swamp:4)
  12 hydras
  2 ironbound frosthearts
  2 ogre magi
  A catoblepas (Lair:5)
  A peacekeeper (Vaults:1)
  3 centaur warriors
  9 two-headed ogres
  4 alligators (Swamp:3)
  2 dancing weapons (D:14)
  A death yak (Lair:5)
  A boulder beetle (D:12)
  3 swamp dragons (Swamp:4)
  A spriggan druid (Swamp:2)
  2 deep trolls (Vaults:3)
  2 orb spiders (Spider:2)
  A bog body (Swamp:4)
  An orc knight (Orc:2)
  2 lindwurms
  Pikel (D:8)
  A wolf spider (Spider:2)
  An orc sorcerer (Orc:1)
  A will-o-the-wisp (Swamp:2)
  2 manticores
  3 cyclopes
  A torpor snail (Lair:5)
  2 vault sentinels (Vaults:1)
  A gargoyle (D:14)
  5 cane toads
  A demonic crawler (Spider:1)
  2 komodo dragons
  A rime drake (Lair:5)
  2 yaktaurs (Vaults:1)
  A guardian mummy (D:12)
  A bloated husk (Swamp:4)
  2 trolls
  A tarantella (Spider:2)
  Grinder (D:5)
  Prince Ribbit (D:8)
  A tyrant leech (Swamp:3)
  3 jumping spiders
  5 blink frogs
  3 slime creatures
  3 shadows
  A centaur simulacrum (D:14)
  2 spriggans
  2 wraiths (D:11)
  A vampire (D:12)
  7 yaks
  A basilisk (Lair:5)
  4 vampire mosquitoes
  2 spatial vortices (Vaults:1)
  3 redbacks
  3 steam dragons (Lair:5)
  8 water moccasins
  2 acid dragons
  9 swamp worms
  An ice beast (D:7)
  6 orc warriors
  2 swamp drakes (Swamp:4)
  2 black bears
  A sky beast (D:7)
  4 ogres (Orc:2)
  5 boggarts (Vaults:1)
  4 centaurs
  2 wolves (Lair:4)
  A phantom (D:5)
  2 elf zombies (Ossuary)
  2 kobold brigands
  3 bullfrogs
  A scorpion (D:6)
  5 wights (D:7)
  3 howler monkeys
  8 centaur zombies (Ossuary)
  2 human zombies (Ossuary)
  3 hounds
  5 orc priests
  2 iguanas
  12 orc wizards
  A hell rat (Lair:2)
  3 mummies (Ossuary)
  5 adders
  30 orcs
  2 endoplasms (D:4)
  A giant cockroach (D:4)
  3 goblins
  3 hobgoblins
  A bat (D:2)
  6 kobolds
  A rat (D:3)
289 creatures vanquished.

Vanquished Creatures (collateral kills)
  A thorn hunter (Swamp:1)
  2 vault wardens (Vaults:1)
  The ghost of Vovaufep the Black Sun, a journeyman DsNe of Kikubaaqudgha (Lair:5)
  The ghost of LLlMATKO the Fighter, a journeyman MiBe of Trog (Lair:4)
  An ironbound thunderhulk (Vaults:2)
  2 bunyips
  Snorg (Lair:3)
  2 great orbs of eyes (Vaults:3)
  A shambling mangrove (Swamp:4)
  2 vault guards (Vaults:1)
  8 hydras
  Erolcha (D:12)
  Harold (Lair:1)
  A catoblepas (Lair:5)
  3 ogre magi (Orc:2)
  A boulder beetle (D:11)
  An ironbound frostheart (Vaults:1)
  A centaur warrior (D:11)
  9 alligators
  2 death yaks (Lair:5)
  12 two-headed ogres
  Urug (Orc:2)
  2 spriggan berserkers (Swamp:4)
  A skyshark (Lair:5)
  Amaemon (Lair:3)
  A pharaoh ant (Spider:1)
  4 spriggan druids
  4 swamp dragons
  2 deep trolls (Vaults:3)
  3 goliath frogs
  A wizard (Vaults:1)
  3 orb spiders (Spider:2)
  A bog body (Swamp:1)
  An orc knight (D:11)
  A cyclops (D:11)
  2 wolf spiders (Spider:2)
  3 will-o-the-wisps
  A manticore (Lair:5)
  A black mamba (Lair:5)
  2 elephants (Lair:5)
  A demonic crawler (Spider:1)
  2 vault sentinels (Vaults:1)
  5 cane toads
  An orange demon (Lair:3)
  2 komodo dragons
  A guardian mummy (D:12)
  9 tyrant leeches
  A bloated husk (Swamp:4)
  3 hornets
  A tarantella (Spider:2)
  4 trolls
  8 dream sheep (Lair:5)
  4 blink frogs (Lair:4)
  2 wyverns
  4 slime creatures
  8 spriggans
  A basilisk (Lair:5)
  A wraith (D:11)
  10 yaks
  7 vampire mosquitoes
  2 wargs
  10 swamp worms
  4 water moccasins
  7 swamp drakes
  8 orc warriors
  19 ogres (Orc:2)
  A boggart (Lair:5)
  10 wolves
  3 centaurs (D:12)
  A bullfrog (Lair:4)
  A howler monkey (D:12)
  3 orc priests
  4 orc wizards
  2 iguanas (Lair:5)
  10 orcs
  2 goblins (D:7)
  4 kobolds
255 creatures vanquished.

Vanquished Creatures (others)
  Roxanne (Swamp:1)
  The ghost of diocancan the Fighter, a journeyman DgAE (Lair:4)
  An eleionoma (Swamp:4)
  2 hydras (Swamp:4)
  A two-headed ogre (Orc:2)
  A goliath frog (Swamp:4)
  A tyrant leech (Swamp:4)
  9 yaks
  A wyvern (D:10)
  2 orc warriors
  3 centaurs (D:11)
  2 orcs
  16 foxfires
  7 fungi
  24 plants
  6 snaplasher vines
  2 withered plants (Lair:4)
80 creatures vanquished.

Grand Total: 624 creatures vanquished

Notes
Turn   | Place    | Note
-------+----------+-------------------------------------------
     0 | D:1      | redmage the Meteoran Earth Elementalist began the quest for
                  | the Orb.
     0 | D:1      | Reached XP level 1. HP: 14/14 MP: 5/5
    60 | D:2      | Reached skill level 3 in Spellcasting
    60 | D:2      | Reached XP level 2. HP: 20/20 MP: 4/7
    67 | D:2      | Learned a level 2 spell: Passwall
    79 | D:3      | Reached XP level 3. HP: 26/26 MP: 5/9
    83 | D:3      | Learned a level 3 spell: Stone Arrow
   241 | D:4      | Found a staircase to the Ecumenical Temple.
   427 | D:4      | Reached skill level 4 in Spellcasting
   427 | D:4      | Reached skill level 1 in Conjurations
   427 | D:4      | Reached XP level 4. HP: 21/33 MP: 8/11
   495 | D:4      | Found a blossoming altar of Fedhas.
   558 | D:5      | Entered Level 5 of the Dungeon
   579 | D:5      | Reached XP level 5. HP: 38/38 MP: 10/12
   601 | D:5      | Reached skill level 5 in Earth Magic
   605 | D:5      | Noticed Grinder
   624 | D:5      | Killed Grinder
   625 | D:5      | Reached skill level 5 in Spellcasting
   625 | D:5      | Reached XP level 6. HP: 6/45 MP: 2/14
   678 | D:5      | Reached XP level 7. HP: 35/50 MP: 9/16
   700 | D:6      | Found Gifewn's Antique Armour Shoppe.
   733 | Temple   | Entered the Ecumenical Temple
   741 | Temple   | Became a worshipper of Sif Muna the Loreminder
   761 | D:5      | Reached skill level 6 in Spellcasting
   761 | D:5      | Reached skill level 1 in Invocations
   841 | D:6      | Reached XP level 8. HP: 57/57 MP: 14/18
   895 | D:7      | Reached skill level 5 in Conjurations
   908 | D:7      | Found a white marble altar of Elyvilon.
   958 | D:7      | Found a radiant altar of Vehumet.
   999 | D:6      | Bought a transparent cloak for 228 gold pieces
   999 | D:6      | Identified the +2 cloak of Oblivion {Will- Int+4 Dex+6}
                  | (You bought it in a shop on level 6 of the Dungeon)
  1013 | D:7      | Reached skill level 7 in Spellcasting
  1038 | D:7      | Gained mutation: You passively map the area around you.
                  | [Meteoran growth]
  1038 | D:7      | Reached XP level 9. HP: 62/62 MP: 4/20
  1091 | D:7      | Learned a level 3 spell: Summon Guardian Golem
  1118 | D:8      | Found a sand-covered staircase.
  1127 | Ossuary  | Entered an ossuary
  1139 | Ossuary  | Reached skill level 1 in Summonings
  1139 | Ossuary  | Reached skill level 5 in Invocations
  1141 | Ossuary  | Reached * piety under Sif Muna
  1173 | Ossuary  | Reached skill level 8 in Spellcasting
  1258 | D:9      | Learned a level 4 spell: Summon Lightning Spire
  1286 | D:9      | Reached skill level 1 in Air Magic
  1331 | D:8      | Noticed Pikel
  1352 | D:8      | Killed Pikel
  1353 | D:8      | Reached skill level 1 in Shields
  1353 | D:8      | Reached XP level 10. HP: 69/69 MP: 18/23
  1466 | D:8      | Noticed Prince Ribbit
  1483 | D:8      | Killed Prince Ribbit
  1596 | D:8      | Reached ** piety under Sif Muna
  1676 | D:7      | Reached skill level 9 in Spellcasting
  1728 | D:9      | Found a stormy altar of Qazlal.
  1759 | D:10     | Entered Level 10 of the Dungeon
  1818 | D:10     | Reached skill level 5 in Air Magic
  1863 | D:10     | Reached skill level 5 in Summonings
  1895 | D:10     | Found a staircase to the Lair.
  1929 | D:10     | Reached XP level 11. HP: 74/74 MP: 16/25
  1964 | D:10     | Found a sparkling altar of Nemelex Xobeh.
  1964 | D:10     | Found a transporter.
  1964 | D:10     | Noticed a boulder beetle
  1965 | D:10     | Noticed a cyclops
  1985 | D:10     | Identified the +0 scale mail of Hedge Wizardry {-Cast rN+
                  | Str-5 Dex+9}
  2037 | D:11     | Reached skill level 5 in Shields
  2100 | D:11     | Reached skill level 10 in Spellcasting
  2134 | D:12     | Found Efynaxzoan's Magic Scroll Shoppe.
  2137 | D:12     | Reached *** piety under Sif Muna
  2140 | D:12     | Bought a scroll of magic mapping for 105 gold pieces
  2143 | D:13     | Found a transporter.
  2156 | D:13     | Found a transporter.
  2161 | D:13     | Found a transporter.
  2161 | D:13     | Found a transporter.
  2165 | D:13     | Found a transporter.
  2165 | D:13     | Found a transporter.
  2200 | D:11     | Noticed a two-headed ogre
  2207 | D:11     | Killed a two-headed ogre
  2276 | D:11     | Reached skill level 10 in Invocations
  2313 | D:11     | Reached skill level 11 in Spellcasting
  2334 | D:11     | Found a staircase to the Orcish Mines.
  2344 | Orc:1    | Entered Level 1 of the Orcish Mines
  2344 | Orc:1    | Noticed an orc knight
  2421 | Lair:1   | Entered Level 1 of the Lair of Beasts
  2427 | Lair:1   | Reached skill level 1 in Fighting
  2441 | Lair:1   | Learned a level 3 spell: Swiftness
  2462 | Lair:1   | Noticed Harold
  2486 | Lair:1   | Reached XP level 12. HP: 53/85 MP: 24/28
  2495 | Lair:1   | Killed Harold
  2629 | Lair:2   | Learned a level 5 spell: Summon Forest
  2636 | Lair:2   | Learned a level 6 spell: Summon Cactus Giant
  2640 | Lair:2   | Noticed a seven-headed hydra
  2649 | Lair:2   | Killed a seven-headed hydra
  2705 | Lair:2   | Reached skill level 12 in Spellcasting
  2773 | Lair:2   | Reached skill level 1 in Translocations
  2778 | Lair:3   | Noticed a seven-headed hydra
  2784 | Lair:3   | Killed a seven-headed hydra
  2784 | Lair:3   | Reached **** piety under Sif Muna
  2952 | Lair:3   | Found a hole to the Spider Nest.
  3047 | Lair:4   | Found a runed translucent gate.
  3047 | Lair:4   | Found a runed translucent gate.
  3047 | Lair:4   | Found a runed translucent gate.
  3051 | Lair:4   | Noticed diocancan's ghost (journeyman DgAE)
  3051 | Lair:4   | Noticed LLlMATKO's ghost (journeyman MiBe)
  3068 | Lair:4   | Killed diocancan's ghost
  3070 | Lair:4   | Killed LLlMATKO's ghost
  3071 | Lair:4   | Reached skill level 5 in Dodging
  3086 | Lair:4   | Identified the +7 battleaxe "Doubu Rys" {freeze, rN+ rCorr
                  | Int+4}
  3160 | Lair:3   | Identified the amulet of Light {rElec rPois Regen+ Int-2
                  | Stlth+}
  3261 | Lair:4   | Reached XP level 13. HP: 94/94 MP: 25/30
  3287 | Lair:4   | Identified a scroll of acquirement
  3288 | Lair:4   | Acquired 843 gold pieces
  3330 | Lair:4   | Reached skill level 10 in Summonings
  3350 | Lair:5   | Entered Level 5 of the Lair of Beasts
  3427 | Lair:5   | Found a runed translucent door.
  3429 | Lair:5   | Noticed Vovaufep's ghost (journeyman DsNe)
  3430 | Lair:5   | Identified the +6 spear of Defilement {freeze, rF+ rCorr
                  | Dex-4}
  3443 | Lair:5   | Reached ***** piety under Sif Muna
  3445 | Lair:5   | Killed Vovaufep's ghost
  3446 | Lair:5   | Reached skill level 10 in Conjurations
  3681 | Lair:5   | Identified the +4 hand axe "Podud" {protect, Str+4}
  3697 | Lair:5   | Noticed a fire dragon
  3704 | Lair:5   | Killed a fire dragon
  3752 | Lair:5   | Received a gift from Sif Muna
  3758 | Lair:5   | Got Sif Muna's Handbook of the Wendigo and Curses {god
                  | gift}
  3768 | Lair:5   | Learned a level 7 spell: Orb of Destruction
  3852 | Lair:5   | Noticed a four-headed hydra
  3862 | Lair:5   | Killed a four-headed hydra
  3888 | Lair:5   | Found a staircase to the Slime Pits.
  3937 | Lair:5   | Noticed a seven-headed hydra
  3942 | Lair:5   | Killed a seven-headed hydra
  3990 | Lair:5   | Noticed a six-headed hydra
  3999 | Lair:5   | Noticed a death yak
  4020 | Lair:5   | Killed a six-headed hydra
  4034 | Lair:5   | Killed a death yak
  4035 | Lair:5   | Reached XP level 14. HP: 102/102 MP: 4/31
  4238 | Lair:5   | Reached skill level 13 in Spellcasting
  4259 | Lair:5   | Identified the +7 flail "Napama" {heavy, Str+3}
  4343 | Lair:3   | Learned a level 7 spell: Spellforged Servitor
  4362 | Lair:3   | Noticed Amaemon
  4367 | Lair:3   | Killed Amaemon
  4431 | Lair:3   | Noticed Snorg
  4436 | Lair:3   | Killed Snorg
  4534 | Lair:2   | Found a staircase to the Swamp.
  4551 | Swamp:1  | Entered Level 1 of the Swamp
  4562 | Swamp:1  | Noticed a bunyip
  4568 | Swamp:1  | Killed a bunyip
  4571 | Swamp:1  | Identified Roxanne's Omnibus of Transfiguration
  4571 | Swamp:1  | Noticed Roxanne
  4598 | Swamp:1  | Reached skill level 14 in Spellcasting
  4663 | Swamp:1  | Killed Roxanne
  4671 | Swamp:1  | Reached skill level 5 in Transmutations
  4672 | Swamp:1  | Found the +8 storm bow {elec, penet}
  4712 | Swamp:1  | Reached skill level 1 in Ranged Weapons
  4785 | Swamp:1  | Noticed Frances
  4795 | Swamp:1  | Killed Frances
  4796 | Swamp:1  | Reached XP level 15. HP: 107/107 MP: 1/34
  4822 | Swamp:1  | Noticed a thorn hunter
  4828 | Swamp:1  | Killed a thorn hunter
  4841 | Swamp:1  | Reached skill level 5 in Ranged Weapons
  4964 | Swamp:3  | Received a gift from Sif Muna
  4995 | Swamp:4  | Entered Level 4 of the Swamp
  5095 | Swamp:3  | Reached skill level 15 in Spellcasting
  5102 | Swamp:3  | Learned a level 6 spell: Statue Form
  5167 | Swamp:3  | Found a transporter.
  5169 | Swamp:3  | Noticed Vudadgh's ghost (adept HuWr)
  5226 | Swamp:4  | Acquired a book of the Moon
  5267 | Swamp:4  | Reached XP level 16. HP: 114/114 MP: 12/36
  5278 | Swamp:4  | Reached skill level 5 in Translocations
  5346 | Swamp:4  | Learned a level 4 spell: Passage of Golubria
  5372 | Swamp:4  | Noticed a thorn hunter
  5375 | Swamp:4  | Reached skill level 16 in Spellcasting
  5382 | Swamp:4  | Killed a thorn hunter
  5436 | Swamp:4  | Received a gift from Sif Muna
  5443 | Swamp:4  | Got Sif Muna's Directory of Forces {god gift}
  5537 | Swamp:4  | Got a decaying rune of Zot
  5560 | Swamp:4  | Identified the +0 mace of the Peculiar Curses {flame, rC+}
  5745 | Spider:1 | Entered Level 1 of the Spider Nest
  5790 | Spider:2 | Reached skill level 17 in Spellcasting
  6002 | D:12     | Found a portal to a secret trove of treasure.
  6062 | D:12     | Bought a scroll of identify for 28 gold pieces
  6062 | D:12     | Bought a scroll of identify for 28 gold pieces
  6062 | D:12     | Bought a scroll of identify for 28 gold pieces
  6062 | D:12     | Bought a scroll of identify for 28 gold pieces
  6066 | D:12     | Bought a scroll of identify for 28 gold pieces
  6066 | D:12     | Bought a scroll of silence for 133 gold pieces
  6170 | D:12     | Learned a level 6 spell: Death Channel
  6196 | D:12     | Reached skill level 1 in Necromancy
  6364 | Orc:1    | Received a gift from Sif Muna
  6365 | Orc:1    | Reached XP level 17. HP: 117/119 MP: 6/39
  6365 | Orc:1    | Got Sif Muna's Secrets of Summoning and the Burn {god gift}
  6404 | Orc:2    | Entered Level 2 of the Orcish Mines
  6480 | Orc:2    | Found a staircase to the Elven Halls.
  6486 | Orc:2    | Noticed Rupert
  6497 | Orc:2    | Killed Rupert
  6498 | Orc:2    | Reached skill level 5 in Necromancy
  6543 | Orc:2    | Reached skill level 5 in Fighting
  6582 | Orc:2    | Noticed Urug
  6593 | Orc:2    | Killed Urug
  6626 | Orc:2    | Found Wocun's General Store.
  6626 | Orc:2    | Found Wedetaan's Antique Weapon Shoppe.
  6627 | Orc:2    | Found Upheggu's Armour Emporium.
  6627 | Orc:2    | Found Akyemib's Antique Armour Shop.
  6638 | Orc:2    | Bought a scroll of blinking for 82 gold pieces
  6638 | Orc:2    | Bought a scroll of magic mapping for 82 gold pieces
  6638 | Orc:2    | Bought a potion of might for 44 gold pieces
  6822 | D:12     | Noticed Erolcha
  6825 | D:12     | Killed Erolcha
  6964 | D:14     | Found a gate to the Vaults.
  7001 | Vaults:1 | Entered Level 1 of the Vaults
  7036 | Vaults:1 | Learned a level 5 spell: Freezing Cloud
  7113 | Vaults:1 | Gained mutation: You passively map a large area around you.
                  | [Meteoran growth]
  7113 | Vaults:1 | Reached XP level 18. HP: 125/139 MP: 12/40
  7130 | Vaults:1 | Received a gift from Sif Muna
  7131 | Vaults:1 | Reached skill level 18 in Spellcasting
  7131 | Vaults:1 | Got Sif Muna's Compilation of the Distorted Burn {god gift}
  7134 | Vaults:1 | Learned a level 1 spell: Apportation
  7174 | Vaults:1 | Got Ocu Keov's Incunabulum of the Jaunt
  7468 | Vaults:3 | Paralysed by a great orb of eyes for 3 turns
  7581 | Vaults:3 | HP: 9/180 [deep troll[an ironbound preserver] (8)]
  7583 | Vaults:3 | Reached skill level 10 in Air Magic
  7583 | Vaults:3 | Mangled by an ironbound preserver

Illustrated notes

Levels and vault maps discovered:
D:1:      wander_arrival_desolate, layout_loops_corners,
          wad_floor_pattern_untrapped
D:2:      layout_loops_ring, basic_altar, serial_undead, serial_undead_f,
          serial_undead_d, serial_undead_b, serial_undead_f, minmay_unequal,
          uniq_terence, uniq_natasha
D:3:      layout_basic, nicolae_ashenzari_skybound
D:4:      layout_loops_corners, mainiacjoe_overflow_chevrons,
          minmay_temple_entry_from_below_a, serial_shops, shop
D:5:      layout_basic, dk_yredelemnul_ordeal, uniq_grinder
D:6:      layout_gridville, serial_shops, nicolae_stop_n_shop_2,
          gammafunk_ghost_split
D:7:      layout_basic, mainiacjoe_overflow_catwalk, amcnicky_altar_gilded,
          enter_bailey_3, serial_shops, shop, uniq_crazy_yiuf_cottage
D:8:      layout_basic, nicolae_ossuary_entry_monument, uniq_prince_ribbit1,
          uniq_maurice, uniq_pikel
D:9:      layout_small_grid, nicolae_qazlal_style_of_elements,
          minmay_shop_enchanted_jewellery, hangedman_abyss_or_decor_clamps,
          kennysheep_generic_room_16
D:10:     layout_roguey, grunt_nemelex_the_gamble, lightli_temple_of_fire,
          lair_entry_dummy, grunt_ministairs_4, grunt_decor_fettered
D:11:     layout_roguey, david_orc_2, minmay_fractal_squares_gapless_7,
          uniq_sonja
D:12:     layout_irregular_city, nicolae_trove_entry_path_of_doom, serial_shops,
          nicolae_stop_n_shop_2, uniq_erolcha
D:13:     layout_irregular_city, serial_nicolae_subway,
          nicolae_sub_station_stone, nicolae_sub_station_metal,
          nicolae_sub_station_crystal
D:14:     layout_loops_ring, erik_vaults_1, uniq_agnes, uniq_kirke
Temple:   eino_narrow_crystal_temple
Lair:1:   layout_gridlike, uniq_erica, uniq_gastronok, uniq_harold
Lair:2:   layout_layer_cave, palyth_hydra_swamp_entry, kennysheep_rathole
Lair:3:   layout_regular_city, spider_nest_entry_a,
          hangedman_lair_unloving_vines, uniq_snorg, uniq_amaemon
Lair:4:   layout_cave_shapes, gammafunk_ghost_cemetery,
          chequers_serial_rivers_micro_d
Lair:5:   guppyfry_lair_end_dragon, layout_cave_pods, hangedman_lair_in_review,
          dpeg_slime_entry_enclosed, ebering_ghost_funeral_grove
Swamp:1:  layout_basic_swamp, nicolae_swamp_big_swirl, uniq_frances,
          uniq_roxanne
Swamp:2:  nicolae_swamp_ascending_descending, layout_basic_swamp,
          evilmike_swamp_ruin_house_2, swamp_pool5, infiniplex_staircase_pool
Swamp:3:  layout_falls_marsh, gammafunk_ghost_mausoleum,
          nicolae_swamp_orc_logging_accident, uniq_mlioglotl
Swamp:4:  swamp_basic_johnstein, layout_basic_swamp
Spider:1: mumra_spider_spiderweb, nicolae_spider_checkerboard
Spider:2: layout_spider_delve, nicolae_orb_island
Orc:1:    nicolae_orc_accident_1, layout_caves, serial_shops,
          nicolae_shop_gaudy_bauble
Orc:2:    st_orc_ogre_mass, layout_caves, nicolae_orc_damp_corner, uniq_nessos,
          uniq_josephine, uniq_urug, uniq_rupert
Vaults:1: portal_desolation_entry_holy_temple, nicolae_vaults_little_squares_5,
          nicolae_vaults_double_plus_2, nicolae_vaults_security_offices_3,
          nicolae_vaults_apartment_1, nicolae_vaults_diagonal_hallway_8,
          nicolae_vaults_sightless_eye, v_misc_4,
          nicolae_vaults_mini_display_case, nicolae_vaults_weapon_check,
          vaults_room_door_ring, nicolae_vaults_surprise_closet,
          layout_vaults_chaotic_city, serial_hangedman_research,
          hangedman_research_quantum, hangedman_research_toxicology
Vaults:2: nicolae_vaults_turnstiles, hangedman_vaults_stretched_pinwheel,
          nicolae_vaults_closet_pinwheel_5, v_pattern_1,
          grunt_vaults_hallway_long, nicolae_vaults_tetromino_T_2,
          vaults_mumra_lcd, vaults_room_fours, layout_vaults_omnigrid
Vaults:3: nicolae_vaults_theta, nicolae_vaults_lightning_bolt,
          minmay_crypt_entry_simple_walls, nicolae_vaults_trapezoid_lopsided_4,
          v_misc_24, nicolae_vaults_trapezoid_lopsided_2,
          nicolae_vaults_network_s, nicolae_vaults_trapezoid_3,
          ontoclasm_vaults_pinch, grunt_vaults_diagonal,
          nicolae_vaults_trapezoid_2, v_misc_32,
          nicolae_vaults_layer_cake_slice, layout_vaults_maze_bifur,
          serial_shops, nicolae_shop_industrial_runoff, uniq_aizul, uniq_zenata,
          uniq_xtahua
Vaults:4: advil_vaults_ghost_lines, nicolae_vaults_closet_pinwheel_6,
          v_alt_pattern_4, ontoclasm_vaults_tryst, nicolae_vaults_what_the_h,
          vaults_room_stairs_pillars, nicolae_vaults_tetromino_Z_2,
          dpeg_vaults_monster_row, nicolae_vaults_specimen_jars,
          nicolae_vaults_closet_pinwheel_1, hangedman_vaults_corner_blocks,
          nicolae_vaults_hexular_roomagon, ontoclasm_vaults_eye,
          vaults_room_corners, vaults_room_stairs_pillars,
          layout_vaults_omnicross

Skill      XL: |  1  2  3  4  5  6  7  8  9 10 11 12 13 14 15 16 17 18 |
---------------+-------------------------------------------------------+-----
Spellcasting   | 3 4 5 6 7 8 9 11 12 14 15 17 18 | 18.9
Earth Magic    | 4 5 6 7 9 |  9.0
Conjurations   | 1 3 4 5 6 13 14 | 14.0
Invocations    | 1 3 6 8 10 | 10.3
Summonings     | 4 5 6 9 10 12 | 12.0
Air Magic      | 2 6 7 10 | 10.0
Shields        | 1 4 7 |  7.0
Fighting       | 1 3 7 |  7.1
Dodging        | 3 5 6 |  6.0
Translocations | 4 6 |  6.1
Transmutations | 5 8 |  8.2
Ranged Weapons | 3 7 9 |  9.2
Necromancy     | 3 9 |  9.0
Stealth        | |  1.4

Action                     |  1- 3 |  4- 6 |  7- 9 | 10-12 | 13-15 | 16-18 || total
---------------------------+-------+-------+-------+-------+-------+-------++-------
  Melee: Short sword       |     1 |       |       |       |       |       ||     1
         Whip              |       |       |       |    10 |       |       ||    10
         Unarmed           |       |       |       |     1 |       |       ||     1
         Staff             |       |       |       |       |     3 |       ||     3
   Fire: Longbow           |       |       |       |       |    54 |   152 ||   206
   Cast: Sandblast         |    23 |     9 |    65 |    62 |    33 |     5 ||   197
         Passwall          |     1 |       |     3 |     3 |     4 |     7 ||    18
         Stone Arrow       |       |     5 |    29 |    59 |    64 |    84 ||   241
         Summon Guardian G |       |       |     1 |    27 |     6 |       ||    34
         Summon Lightning  |       |       |       |    29 |    17 |     6 ||    52
         Summon Cactus Gia |       |       |       |     4 |    27 |    20 ||    51
         Summon Forest     |       |       |       |     4 |    14 |       ||    18
         Orb of Destructio |       |       |       |       |    17 |    71 ||    88
         Spellforged Servi |       |       |       |       |    24 |    34 ||    58
         Statue Form       |       |       |       |       |     2 |    16 ||    18
         Passage of Golubr |       |       |       |       |       |    63 ||    63
         Death Channel     |       |       |       |       |       |     4 ||     4
         Freezing Cloud    |       |       |       |       |       |     9 ||     9
         Apportation       |       |       |       |       |       |     2 ||     2
 Invoke: Channel Magic     |       |       |       |       |       |     9 ||     9
         Forget Spell      |       |       |       |       |       |     2 ||     2
Ability: End Transformatio |       |       |       |       |       |     3 ||     3
  Evoke: Wand              |       |     2 |     2 |     2 |     6 |     2 ||    14
         Phial of floods   |       |       |       |       |     1 |     1 ||     2
    Use: Scroll            |     1 |       |    10 |     7 |    10 |     9 ||    37
         Potion            |       |       |       |     4 |     2 |     1 ||     7
 Armour: Robe              |     1 |       |    23 |    19 |       |       ||    43
         Leather armour    |       |       |       |     4 |    16 |     3 ||    23
         Skin              |       |       |       |       |    25 |   356 ||   381
         Troll leather arm |       |       |       |       |       |     4 ||     4
  Dodge: Dodged            |     9 |     4 |    24 |    46 |    70 |   395 ||   548
  Block: Buckler           |       |       |       |    35 |    26 |       ||    61
